 Dungeon Sprint DCSS version 0.23-a0-625-g1d2cd9b (webtiles) character file.

52847 galech the Executioner (level 14, -5/131 HPs)
             Began as a Demonspawn Fighter on Dec 24, 2018.
             Was the Champion of Makhleb.
             Slain by Huityfou the pandemonium lord (14 damage)
             ... in the Dungeon (Sprint V: "Ziggurat Sprint").
             The game lasted 00:10:19 (1369 turns).

galech the Executioner (Demonspawn Fighter)         Turns: 1369, Time: 00:10:20

Health: -5/131     AC: 37    Str: 27    XL:     14   Next: 28%
Magic:  0/23       EV:  5    Int: 14    God:    Makhleb [******]
Gold:   0          SH: 36    Dex: 32    Spells: 13/13 levels left

rFire    + + +     SeeInvis +   E - +14 obsidian axe {chop, +Fly SInv *Curse} (curse)
rCold    . . .     Gourm    .   G - +18 shield of the Gong {rElec rN+ MR+ EV-5}
rNeg     + . .     Faith    .   F - +15 Maxwell's patent armour {-Cast -Tele rElec MR+ rCorr}
rPois    .         Spirit   +   c - +2 helmet {Int+3}
rElec    +         Reflect  .   (no cloak)
rCorr    +         Harm     .   D - +2 pair of gloves {Dex+3}
MR       +++..     NoTele   +   (boots unavailable) Stlth ++........NoCast +
                                z - amulet of the Unkillable {+Fly rF+++ Regen+}
HPRegen  0.71/turn              y - +6 ring of dexterity
MPRegen  0.18/turn              J - ring of the Albatross {MP+9 Str+6}

@: mighty, mesmerised, slowed, studying 2 skills, silenced, very slow
A: talons 3, thin skeletal structure 3, fire resistance 1, powered by pain 3,
magic shield
a: Renounce Religion, Evoke Flight


You were in the Dungeon.
You worshipped Makhleb.
Makhleb was exalted by your worship.
You were not hungry.

You visited 1 branch

Inventory:

Hand Weapons
 E - the cursed +14 obsidian axe (weapon) {chop, +Fly SInv *Curse}
   (You found it in the Dungeon)

   It inflicts extra damage upon your enemies.
   It lets you see invisible.
   It lets you fly.
   It curses itself when equipped.
   It has a curse placed upon it.
Armour
 c - a +2 helmet of intelligence (worn)
 D - a +2 pair of gloves of dexterity (worn)
 F - the +15 Maxwell's patent armour (worn) {-Cast -Tele rElec MR+ rCorr}
   (You found it in the Dungeon)

   It insulates you from electricity.
   It affects your resistance to hostile enchantments.
   It prevents spellcasting.
   It prevents most forms of teleportation.
   It provides partial protection from all sources of acid and corrosion.
 G - the +18 shield of the Gong (worn) {rElec rN+ MR+ EV-5}
   (You found it in the Dungeon)

   It affects your evasion (-5).
   It insulates you from electricity.
   It protects you from negative energy.
   It affects your resistance to hostile enchantments.
 M - a +0 cloak of poison resistance
Jewellery
 y - a +6 ring of dexterity (left hand)
 z - the amulet of the Unkillable (around neck) {+Fly rF+++ Regen+}
   (You took it off a merfolk in the Dungeon)

   [amulet of regeneration]

   It renders you almost immune to fire.
   It lets you fly.
   It increases your rate of regeneration.
 J - the ring of the Albatross (right hand) {MP+9 Str+6}
   (You found it in the Dungeon)

   [ring of magical power]

   It affects your strength (+6).
   It affects your magic capacity (+9).
Wands
 v - a wand of disintegration (7)
 w - a wand of iceblast (7)
 x - a wand of acid (7)
Scrolls
 k - 4 scrolls of blinking
 q - 4 scrolls of amnesia
 r - 9 scrolls of fog
 s - 5 scrolls of identify
 t - 5 scrolls of remove curse
 u - 2 scrolls of fear
 H - 2 scrolls of enchant armour
 K - 3 scrolls of brand weapon
Potions
 d - 6 potions of might
 e - 10 potions of curing
 g - 18 potions of heal wounds
 h - 14 potions of haste
 i - 7 potions of magic
 j - 3 potions of berserk rage
 l - 2 potions of brilliance
 m - 2 potions of invisibility
 n - 4 potions of resistance
 o - a potion of experience
 p - 8 potions of agility
Books
 B - a manual of Ice Magic
 I - a manual of Slings
Comestibles
 b - 3 chunks of flesh
 f - 8 rations


   Skills:
 + Level 18.5 Fighting
 + Level 21.0 Axes
 + Level 12.4 Armour
 + Level 2.5 Dodging
 + Level 7.2 Stealth
 + Level 18.8 Shields
 + Level 1.3 Invocations


You had 13 spell levels left.
You didn't know any spells.
Your spell library was empty.

Dungeon Overview and Level Annotations

Branches:
Dungeon (1/1)

Altars:
Ashenzari
Cheibriados
Dithmenos
Elyvilon
Fedhas
Gozag
Hepliaklqana
Kikubaaqudgha
Makhleb
Nemelex Xobeh
Okawaru
Qazlal
Ru
Sif Muna
Trog
Uskayaw
Vehumet
Wu Jian
Xom
Yredelemnul
Zin
The Shining One
Beogh
Jiyva
Lugonu


Innate Abilities, Weirdness & Mutations

You have claws for feet.
You have an unnaturally thin skeletal structure. (Dex +6, Stealth++)
You are powered by pain.
When hurt, damage is shared between your health and your magic reserves.
Your flesh is heat resistant. (rF+)


Message History

The freezing wraith freezes you!
* * * LOW HITPOINT WARNING * * *
The freezing wraith hits you but does no damage.
The wraith hits your sun demon but does no damage.
Lukuvvut barely misses you.
The phantasmal warrior hits your sun demon!!
Your red devil hits the freezing wraith but does no damage.
The orange demon stings you but does no damage.
You completely miss Jefis. Your kick misses Jefis.
Jefis is moderately wounded.
You hit the freezing wraith. You slice Naijapp!! You slice Lukuvvut!!
You slice the Executioner!! You open a gate to Pandemonium!
A demon appears!
You slice Huityfou!! You barely miss Namorosm.
Visions of slaying Naijapp flood into your mind.
Your sun demon disappears in a puff of smoke!
You block the Executioner's attack. x4
The Executioner hits you but does no damage. x2
Naijapp hits you but does no damage. Namorosm hits you but does no damage.
Huityfou hits you!!
You die...

▓........
..:=:}:)=))[:..▓........
....)})"))[....▓........
.....XX&X4.....▓..▓.).).
....4X&2X&5&...▓.▓.▓))).
.....3&&62&3...▓..▓...).
....b22&&&5....▓......).
....4&&1&4.....▓......©.
......&@&33....▓▓▓▓▓▓▓▓▓
...▓..&§W..▓... .
▓▓3W4W4▓▓ .
...▓.......▓...
...............
.......©.......
▓▓▓▓▓▓▓▓▓▓▓▓▓▓▓


You could see Huityfou, Japuheik, Jefis, Jeybij (invisible), Lawoes, Lukuvvut,
Mini, Naijapp, Namorosm, Ocicostru, Olyrhud, Quhawos, Quuxt, Vuaruydd, Xuigerr,
Zyesaak, a cacodemon, a reaper, a balrug, a gelid black sun, an Executioner, a
shadow demon, 2 orange demons, 5 large abominations, a phantasmal warrior, a
hellwing, a rust devil, a freezing wraith, 2 sixfirhies, a smoke demon, a
neqoxec, a wraith, a quasit, a white imp, a bat, a friendly hellwing, a friendly
neqoxec and a friendly red devil.

Vanquished Creatures
  A lich (D)
  2 azure jellies (D)
  A ghoul (D)
  3 vampire knights (D)
  2 black draconians (D)
  3 spark wasps (D)
  A merfolk javelineer (D)
  A blizzard demon (D)
  A merfolk impaler (D)
  2 great orbs of eyes (D)
  A death ooze (D)
  2 ice dragons (D)
  A merfolk aquamancer (D)
  2 vampire magi (D)
  3 skeletal warriors (D)
  3 necromancers (D)
  7 wolf spiders (D)
  2 shining eyes (D)
  2 manticores (D)
  A cyclops (D)
  A merfolk siren (D)
  2 eyes of devastation (D)
  3 spiny frogs (D)
  2 moths of wrath (D)
  A hellion (D)
  2 rime drakes (D)
  A demonic crawler (D)
  5 freezing wraiths (D)
  2 komodo dragons (D)
  3 ice devils (D)
  2 merfolk (D)
  2 red devils (D)
  3 jumping spiders (D)
  A raiju (D)
  A wind drake (D)
  4 hornets (D)
  6 slime creatures (D)
  2 hippogriffs (D)
  4 redbacks (D)
  7 shadows (D)
  A vampire (D)
  3 basilisks (D)
  2 wraiths (D)
  A yak (D)
  2 steam dragons (D)
  A golden eye (D)
  3 acid dragons (D)
  A hell hound (D)
  2 water moccasins (D)
  2 porcupines (D)
  4 ice beasts (D)
  2 necrophages (D)
  A wolf (D)
  A crocodile (D)
  A bullfrog (D)
  2 scorpions (D)
  8 wights (D)
  3 crimson imps (D)
  2 jellies (D)
  A quasit (D)
  An iron imp (D)
  A mummy (D)
  2 adders (D)
  A shadow imp (D)
  A white imp (D)
  2 ufetubi (D)
  An adder zombie (D)
  2 adder skeletons (D)
  3 bat skeletons (D)
  2 bat zombies (D)
  A jackal (D)
  2 ball python zombies (D)
  A giant cockroach zombie (D)
  2 quokka skeletons (D)
  2 quokka zombies (D)
162 creatures vanquished.

Vanquished Creatures (collateral kills)
  A balrug (D)
  An emperor scorpion (D)
  A ghoul (D)
  A vampire knight (D)
  A purple draconian (D)
  A merfolk javelineer (D)
  A merfolk impaler (D)
  An ice dragon (D)
  A slime creature (D)
  A skeletal warrior (D)
  5 draconians (D)
  A shining eye (D)
  A spiny frog (D)
  A freezing wraith (D)
  A shadow (D)
  A yak (D)
  A basilisk (D)
  A steam dragon (D)
  An acid dragon (D)
  A water moccasin (D)
  An ice beast (D)
  5 phantoms (D)
  A necrophage (D)
  A crocodile (D)
  2 crimson imps (D)
  2 jellies (D)
  An adder (D)
  An ooze (D)
  An adder skeleton (D)
  A bat skeleton (D)
  A bat zombie (D)
  A ball python (D)
  A jackal skeleton (D)
  A quokka skeleton (D)
44 creatures vanquished.

Vanquished Creatures (others)
  An acid dragon (D)
  An ooze (D)
  A bat zombie (D)
3 creatures vanquished.

Grand Total: 209 creatures vanquished

Notes
Turn   | Place    | Note
-------+----------+-------------------------------------------
     0 | D        | Found the +6 Majin-Bo {vamp, Archmagi MP+6 Int+6}
     0 | D        | Found the +7 great mace "Firestarter" {inner flame, rF++}
     0 | D        | galech the Demonspawn Fighter began the quest for the Orb.
     0 | D        | Reached XP level 1. HP: 18/18 MP: 1/1
     0 | D        | Found a deep blue altar of Sif Muna.
     0 | D        | Found a sacrificial altar of Ru.
     0 | D        | Found a bloodstained altar of Trog.
     0 | D        | Found a stormy altar of Qazlal.
     0 | D        | Found an iron altar of Okawaru.
     0 | D        | Found a sparkling altar of Nemelex Xobeh.
     0 | D        | Found a blossoming altar of Fedhas.
     2 | D        | Found a transporter.
     2 | D        | Found an ancient bone altar of Kikubaaqudgha.
     2 | D        | Found a viscous altar of Jiyva.
     2 | D        | Found a corrupted altar of Lugonu.
     2 | D        | Found a hazy altar of Hepliaklqana.
     2 | D        | Found a burning altar of Makhleb.
     2 | D        | Found an opulent altar of Gozag.
    17 | D        | Found the +9 heavy crossbow "Sniper" {velocity, Acc+∞ SInv}
    17 | D        | Found the +10 dark maul {crush}
    17 | D        | Found the +15 Maxwell's patent armour {-Cast -Tele rElec
                  | MR+ rCorr}
    17 | D        | Found the +18 shield of the Gong {rElec rN+ MR+ EV-5}
    17 | D        | Found the cursed +14 obsidian axe {chop, +Fly SInv *Curse}
    19 | D        | Found the +6 shillelagh "Devastator" {shatter}
    19 | D        | Found the +11 plutonium sword {*Contam Stlth-}
    19 | D        | Found the +8 lance "Wyrmbane" {slay drac, rPois rF+ rC+
                  | AC+3}
    19 | D        | Found the +9 sword of Zonguldrok {reap}
    19 | D        | Found the +0 sword of Power
    19 | D        | Found the +7 mace of Variability {chain chaos}
    19 | D        | Found the +7 Singing Sword {slice, sonic wave}
    19 | D        | Found the +7 longbow "Piercer" {penet, EV-2}
    44 | D        | Became a worshipper of Makhleb the Destroyer
    51 | D        | Entered arena 2.
    51 | D        | Noticed a scorpion
    51 | D        | Noticed a scorpion
    51 | D        | Found a transporter.
    60 | D        | Killed a scorpion
    60 | D        | Reached skill level 2 in Axes
    60 | D        | Gained mutation: You have a somewhat thin skeletal
                  | structure. (Dex +2, Stealth) [demonic ancestry]
    60 | D        | Reached XP level 2. HP: 21/26 MP: 2/2
    60 | D        | Gained mutation: You have a moderately thin skeletal
                  | structure. (Dex +4, Stealth+) [demonic ancestry]
    60 | D        | Reached XP level 3. HP: 26/32 MP: 3/3
    61 | D        | Killed a scorpion
    61 | D        | Reached skill level 5 in Fighting
    61 | D        | Reached skill level 3 in Axes
    61 | D        | Reached skill level 5 in Shields
    61 | D        | Gained mutation: You have sharp toenails. [demonic
                  | ancestry]
    61 | D        | Reached XP level 4. HP: 31/40 MP: 4/4
   183 | D        | Entered arena 3.
   183 | D        | Noticed a raiju
   183 | D        | Found a transporter.
   190 | D        | Reached * piety under Makhleb
   193 | D        | Killed a raiju
   193 | D        | Reached skill level 5 in Axes
   193 | D        | Reached XP level 5. HP: 23/48 MP: 5/5
   193 | D        | Gained mutation: When hurt, damage is shared between your
                  | health and your magic reserves. [demonic ancestry]
   193 | D        | Reached XP level 6. HP: 26/55 MP: 6/6
   321 | D        | Entered arena 4.
   321 | D        | Found a transporter.
   325 | D        | Reached ** piety under Makhleb
   329 | D        | Reached *** piety under Makhleb
   329 | D        | Reached skill level 6 in Axes
   335 | D        | Entered arena 5.
   335 | D        | Found a transporter.
   340 | D        | Reached **** piety under Makhleb
   340 | D        | Reached skill level 7 in Axes
   347 | D        | Entered arena 6.
   347 | D        | Noticed a water moccasin
   347 | D        | Found a transporter.
   350 | D        | Gained mutation: You sometimes gain a little power by
                  | taking damage. [demonic ancestry]
   350 | D        | Reached XP level 7. HP: 58/62 MP: 5/7
   452 | D        | Entered arena 7.
   453 | D        | Found a transporter.
   455 | D        | Reached ***** piety under Makhleb
   458 | D        | Reached skill level 8 in Axes
   472 | D        | Entered arena 8.
   472 | D        | Noticed a basilisk
   472 | D        | Noticed a spiny frog
   472 | D        | Noticed a spiny frog
   473 | D        | Found a transporter.
   475 | D        | Reached skill level 9 in Axes
   476 | D        | Killed a spiny frog
   476 | D        | Reached XP level 8. HP: 71/71 MP: 8/8
   477 | D        | Reached ****** piety under Makhleb
   478 | D        | Killed a spiny frog
   478 | D        | Reached skill level 10 in Axes
   495 | D        | Entered arena 9.
   496 | D        | Found a transporter.
   501 | D        | Reached skill level 11 in Axes
   508 | D        | Entered arena 10.
   508 | D        | Noticed a draconian
   508 | D        | Noticed a black draconian
   508 | D        | Noticed a draconian
   508 | D        | Noticed a black draconian
   508 | D        | Noticed a draconian
   508 | D        | Noticed a purple draconian
   508 | D        | Noticed a draconian
   508 | D        | Noticed a draconian
   509 | D        | Found a transporter.
   513 | D        | Killed a purple draconian
   513 | D        | Reached skill level 10 in Fighting
   513 | D        | Reached skill level 12 in Axes
   513 | D        | Reached skill level 10 in Shields
   513 | D        | Gained mutation: You have razor-sharp toenails. [demonic
                  | ancestry]
   513 | D        | Reached XP level 9. HP: 78/78 MP: 9/9
   516 | D        | Killed a draconian
   517 | D        | Killed a draconian
   517 | D        | Reached skill level 13 in Axes
   519 | D        | Killed a draconian
   523 | D        | Killed a black draconian
   523 | D        | Reached skill level 14 in Axes
   523 | D        | Reached skill level 1 in Stealth
   523 | D        | Gained mutation: You have claws for feet. [demonic
                  | ancestry]
   523 | D        | Reached XP level 10. HP: 58/86 MP: 3/10
   524 | D        | Killed a draconian
   526 | D        | Killed a black draconian
   526 | D        | Killed a draconian
   613 | D        | Entered arena 11.
   614 | D        | Found a transporter.
   618 | D        | Reached skill level 15 in Axes
   622 | D        | Noticed a sun demon
   636 | D        | Got the ring of the Albatross {MP+9 Str+6}
   696 | D        | Entered arena 12.
   697 | D        | Noticed a lich
   699 | D        | Found a transporter.
   708 | D        | Killed a lich
   708 | D        | Reached skill level 16 in Axes
   708 | D        | Gained mutation: You have an unnaturally thin skeletal
                  | structure. (Dex +6, Stealth++) [demonic ancestry]
   708 | D        | Reached XP level 11. HP: 95/95 MP: 11/11
   738 | D        | Entered arena 13.
   739 | D        | Noticed an ice dragon
   739 | D        | Noticed a skeletal warrior
   741 | D        | Found a transporter.
   749 | D        | Killed an ice dragon
   749 | D        | Reached skill level 17 in Axes
   753 | D        | Killed a skeletal warrior
   776 | D        | Entered arena 14.
   776 | D        | Noticed a vampire knight
   776 | D        | Noticed a vampire mage
   776 | D        | Identified the +9 trident "Levevor" {pierce, +Inv rF- MR+
                  | Dex+2}
   776 | D        | Noticed a vampire knight
   776 | D        | Identified the +3 hand axe of Beogh's Favour {chop, rElec}
   776 | D        | Identified the cursed +1 scale mail of the Solstice {Str+2
                  | Stlth+}
   776 | D        | Noticed a ghoul
   776 | D        | Noticed a ghoul
   777 | D        | Identified the cursed ring "Osatuequ" {rPois AC-5 Str-5
                  | Dex+6}
   777 | D        | Noticed a vampire knight
   777 | D        | Noticed a necromancer
   779 | D        | Killed a vampire mage
   782 | D        | Killed a vampire knight
   782 | D        | Reached skill level 5 in Stealth
   782 | D        | Noticed a necromancer
   785 | D        | Killed a ghoul
   789 | D        | Killed a ghoul
   789 | D        | Reached skill level 18 in Axes
   789 | D        | Reached XP level 12. HP: 103/105 MP: 12/12
   795 | D        | Killed a vampire knight
   798 | D        | Killed a vampire knight
   803 | D        | Found a transporter.
   815 | D        | Got the amulet "Gasisiga" {Faith Str+4}
   824 | D        | Entered arena 15.
   825 | D        | Noticed a merfolk javelineer
   825 | D        | Noticed a merfolk aquamancer
   825 | D        | Noticed a merfolk javelineer
   825 | D        | Noticed a merfolk impaler
   826 | D        | Identified the +5 arbalest "Mud Pie of Death" {speed,
                  | Fragile rElec rF+++ Str-3}
   826 | D        | Noticed a merfolk impaler
   826 | D        | Identified the amulet of the Unkillable {+Fly rF+++ Regen+}
   827 | D        | Found a transporter.
   844 | D        | Killed a merfolk javelineer
   846 | D        | Killed a merfolk impaler
   846 | D        | Reached skill level 10 in Armour
   850 | D        | Reached skill level 15 in Shields
   851 | D        | Killed a merfolk javelineer
   852 | D        | Killed a merfolk aquamancer
   853 | D        | Killed a merfolk impaler
   853 | D        | Reached skill level 1 in Dodging
   936 | D        | Entered arena 16.
   938 | D        | Noticed a great orb of eyes
   939 | D        | Found a transporter.
   953 | D        | Killed a great orb of eyes
   953 | D        | Reached skill level 19 in Axes
   957 | D        | Reached skill level 15 in Fighting
   971 | D        | Got the ring of Life {MR- Int+5 SInv Stlth+}
   977 | D        | Entered arena 17.
   980 | D        | Noticed an azure jelly
   981 | D        | Noticed a death ooze
   981 | D        | Noticed an azure jelly
   981 | D        | Noticed a great orb of eyes
   982 | D        | Found the cursed +13 scythe of Curses {drain, *Curse}
   982 | D        | Found a transporter.
   988 | D        | Killed an azure jelly
   988 | D        | Gained mutation: You sometimes gain power by taking damage.
                  | [demonic ancestry]
   988 | D        | Reached XP level 13. HP: 100/116 MP: 13/13
   995 | D        | Killed a death ooze
   997 | D        | Killed an azure jelly
  1033 | D        | Entered arena 18.
  1037 | D        | Found the +6 arbalest "Damnation" {damnation}
  1038 | D        | Found a transporter.
  1107 | D        | Entered arena 19.
  1107 | D        | Identified the +7 glaive "Raisin" {flame, Dex+7}
  1107 | D        | Noticed a vampire knight
  1112 | D        | Killed a vampire knight
  1129 | D        | Reached skill level 20 in Axes
  1151 | D        | Found a transporter.
  1166 | D        | Entered arena 20.
  1171 | D        | Noticed a blizzard demon
  1173 | D        | Found a transporter.
  1181 | D        | Killed a blizzard demon
  1217 | D        | Entered arena 21.
  1221 | D        | Noticed a spark wasp
  1222 | D        | Noticed a spark wasp
  1222 | D        | Noticed an emperor scorpion
  1223 | D        | Noticed a spark wasp
  1227 | D        | Killed a spark wasp
  1232 | D        | Gained mutation: You are powered by pain. [demonic
                  | ancestry]
  1232 | D        | Reached XP level 14. HP: 118/129 MP: 14/14
  1244 | D        | Killed an emperor scorpion
  1250 | D        | Found a transporter.
  1256 | D        | Got the amulet of Ahedaug {Spirit Slay+2}
  1281 | D        | Got the ring "Miryg" {*Drain rElec rPois AC+3 SInv}
  1354 | D        | Entered arena 22.
  1358 | D        | Noticed Japuheik the pandemonium lord
  1358 | D        | Noticed a reaper
  1358 | D        | Noticed a balrug
  1358 | D        | Noticed Xuigerr the pandemonium lord
  1358 | D        | Noticed Quuxt the pandemonium lord
  1358 | D        | Noticed Namorosm the pandemonium lord
  1358 | D        | Noticed Vuaruydd the pandemonium lord
  1358 | D        | Noticed Jefis the pandemonium lord
  1358 | D        | Noticed Lawoes the pandemonium lord
  1358 | D        | Noticed Huityfou the pandemonium lord
  1359 | D        | Noticed Naijapp the pandemonium lord
  1359 | D        | Identified the +11 lajatang of Gloom {slice, rC+ rN+ Int+5}
  1359 | D        | Noticed an Executioner
  1359 | D        | Noticed Lukuvvut the pandemonium lord
  1359 | D        | Noticed a cacodemon
  1360 | D        | Noticed Olyrhud the pandemonium lord
  1360 | D        | Noticed Jeybij the pandemonium lord
  1360 | D        | Noticed Ocicostru the pandemonium lord
  1360 | D        | Noticed Quhawos the pandemonium lord
  1360 | D        | Noticed a balrug
  1360 | D        | Gained mutation: Your flesh is heat resistant. (rF+) [a
                  | cacodemon]
  1364 | D        | Noticed Zyesaak the pandemonium lord
  1367 | D        | Noticed Mini the pandemonium lord
  1367 | D        | Killed a balrug
  1367 | D        | Reached skill level 21 in Axes
  1367 | D        | Reached skill level 1 in Invocations
  1369 | D        | Slain by Huityfou the pandemonium lord

Vault maps used:
D:        sprint_v

Skill      XL: |  1  2  3  4  5  6  7  8  9 10 11 12 13 14 |
---------------+-------------------------------------------+-----
Fighting       | 4 5 7 8 9 10 12 13 15 17 18 | 18.5
Axes           | 2 3 5 7 9 12 14 16 18 19 20 21 | 21.0
Armour         | 4 6 7 8 9 11 12 | 12.4
Shields        | 4 5 6 7 8 10 11 12 13 16 18 | 18.8
Stealth        | 1 4 5 7 |  7.2
Dodging        | 1 2 |  2.5
Invocations    | 1 |  1.3

Action                   |  1- 3 |  4- 6 |  7- 9 | 10-12 | 13-15 || total
-------------------------+-------+-------+-------+-------+-------++-------
Melee: War axe           |     9 |    22 |       |       |       ||    31
       Kick              |       |    10 |    18 |    49 |    52 ||   129
       Broad axe         |       |     7 |    34 |   103 |   112 ||   256
Invok: Greater Servant o |       |       |       |       |     1 ||     1
  Use: Scroll            |       |       |       |       |     2 ||     2
 Stab: Distracted        |       |       |     1 |     3 |     5 ||     9
  Eat: Chunk             |       |       |       |       |     2 ||     2
Armor: Plate armour      |     8 |    13 |     8 |    58 |    86 ||   173
Dodge: Dodged            |       |       |       |     6 |    21 ||    27
Block: Shield            |    15 |    53 |    59 |   188 |   221 ||   536

Table legend:
 A = Non-vault XP
 B = Vault XP
 C = Vault XP percentage of total XP
 D = Non-vault monster count
 E = Vault monster count
 F = Vault count percentage of total count
                 A         B        C        D         E       F
            +---------+---------+-------+---------+---------+-------
      Total |     695 |   74801 |  99.1 |       2 |     205 |  99.0
            +---------+---------+-------+---------+---------+-------
          D |     695 |   74801 |  99.1 |       2 |     205 |  99.0
            +---------+---------+-------+---------+---------+-------
